Map: Coda LE (Void)

Players

jinjinn - Winner!

  • Race: Zerg Zerg
  • League: Grandmaster

Queens - Winner!

  • Race: Zerg Zerg
  • League: Grandmaster

kemuel

  • Race: Terran Terran
  • League: Grandmaster

Rayman

  • Race: Terran Terran
  • League: Grandmaster

VOD

Have the link to the VOD?

Description

Time

  • Played on: June 23, 2015, 2:41 a.m.
  • Length: 4:44
Show
View Real Time Build Order
Export as new Build Order

jinjinn Zerg - Winner!

Build Orders: Hatch First 

Get SALT Encoding   

  12  0:01  Drone  
  13  0:14  Overlord  
  13  0:22  Drone  
  14  0:33  Drone x2  
  16  0:40  Drone  
  17  0:55  Hatchery  
  16  0:58  Drone  
  16  1:01  Drone  
  18  1:11  Extractor  
  18  1:16  Spawning Pool  
  16  1:22  Drone x2  
  18  1:31  Drone  
  19  1:40  Overlord  
  19  1:52  Drone  
  20  2:02  Queen  
  20  2:04  Zergling x2  
  20  2:06  Queen  
  25  2:09  Drone  
  25  2:15  Drone  
  27  2:16  Metabolic Boost  
  27  2:22  Zergling x2  
  28  2:30  Overlord, Zergling x2  
  28  2:35  Zergling x2  
  30  2:41  Zergling x2  
  31  2:44  Zergling x2  
  32  2:51  Zergling x2  
  32  2:53  Pneumatized Carapace  
  32  2:57  Zergling x2  
  33  3:06  Zergling x2  
  33  3:08  Zergling x2  
  33  3:12  Overlord, Zergling x2  
  36  3:13  Zergling x6  
  39  3:22  Zergling x8  
  43  3:29  Overlord  
  43  3:41  Overlord, Zergling x2  
  43  3:45  Zergling x2  
  43  3:46  Zergling x2  
  46  3:53  Zergling x4  
  48  3:58  Zergling x4  
  48  4:01  Zergling x2  
  48  4:08  Zergling x6  
  51  4:16  Zergling x4  
  53  4:22  Zergling x4  
Show
View Real Time Build Order
Export as new Build Order

Queens Zerg - Winner!

Build Orders:  

Get SALT Encoding   

  12  0:01  SCV  
  13  0:13  SCV  
  14  0:18  Supply Depot  
  14  0:25  SCV  
  15  0:40  SCV  
  16  0:42  Barracks  
  16  0:52  SCV  
  16  0:56  Refinery  
  17  1:04  SCV  
  18  1:16  SCV  
  19  1:29  Marine, Orbital Command  
  20  1:32  Supply Depot  
  20  1:52  Command Center  
  20  1:55  Reaper  
  20  2:01  SCV  
  22  2:13  SCV  
  23  2:25  SCV  
  23  2:29  Barracks Tech Lab, Barracks x2  
  24  2:37  SCV  
  25  2:49  SCV, Bunker  
  25  2:50  Marine  
  27  3:01  SCV  
  28  3:05  Orbital Command  
  28  3:11  Supply Depot  
  28  3:12  Marauder  
  30  3:16  SCV  
  31  3:23  Marine x2  
  33  3:33  Supply Depot, Marine  
  34  3:37  SCV  
  34  3:39  SCV  
  34  3:40  Marine x2  
  38  3:49  SCV  
  38  3:51  SCV  
  40  3:56  Marine  
  40  3:57  Factory  
  40  4:01  SCV  
  36  4:05  Orbital Command  
  31  4:13  SCV  
  31  4:15  Marine x2  
  31  4:16  Marine  
Show
View Real Time Build Order
Export as new Build Order

kemuel Terran 

Build Orders:  

Get SALT Encoding   

Show
View Real Time Build Order
Export as new Build Order

Rayman Terran 

Build Orders:  

Get SALT Encoding   

Tags
 
Add a new tag
Caveats
  • Supply blocks, unpowered buildings, or Contaminate may cause inaccurate times.
  • Supply counts are checked every 10 seconds.